 Dungeon Crawl Stone Soup version 0.27.1 (webtiles) character file.

Game seed: 18198582999676446731

25 greenlake the Poker (level 2, -4/22 (23) HPs)
             Began as a Demonspawn Gladiator on Aug 31, 2021.
             Slain by a gnoll (10 damage)
             ... on level 1 of the Dungeon.
             The game lasted 00:01:36 (886 turns).

greenlake the Poker (Demonspawn Gladiator)           Turns: 886, Time: 00:01:36

HP:   -4/22 (23)    AC:  3    Str: 14    XL:     2   Next: 82%
MP:   2/2           EV: 12    Int:  9    God:
Gold: 52            SH:  0    Dex: 14    Spells: 1/1 levels left

rFire    . . .     SeeInvis .   a - +0 trident
rCold    . . .     Faith    .   (no shield)
rNeg     . . .     Spirit   .   b - +0 leather armour
rPois    .         Reflect  .   (helmet restricted)
rElec    .         Harm     .   (no cloak)
rCorr    .         Rampage  .   (no gloves)
Will     .....                  (no boots)
Stlth    +.........             (no amulet)
HPRegen  0.07/turn              (no ring)
MPRegen  0.08/turn              (no ring)

@: lightly drained
A: horns 1
a: no special abilities


You were on level 1 of the Dungeon.
You visited 1 branch of the dungeon, and saw 1 of its levels.

You collected 52 gold pieces.

Inventory:

Hand Weapons
 a - a +0 trident (weapon)
Missiles
 d - 3 throwing nets (quivered)
 f - 3 curare-tipped darts
Armour
 b - a +0 leather armour (worn)
 c - a +0 helmet
 h - a +0 plate armour
Scrolls
 e - 3 scrolls of fear {unknown}
 g - a scroll of magic mapping {unknown}
Potions
 i - a potion of heal wounds {unknown}


   Skills:
 + Level 2.4 Fighting
 + Level 3.0 Polearms
 + Level 2.1 Throwing
 + Level 3.0 Dodging


You had one spell level left.
You didn't know any spells.
Your spell library contained the following spells:

 Spells                   Type           Power      Damage    Failure   Level
 Sting                    Tmut/Pois      0%         1d3       45%         1
 Poisonous Vapours        Pois/Air       0%         N/A       61%         2
 Olgreb's Toxic Radiance  Pois           0%         N/A       99%         4


Dungeon Overview and Level Annotations

Branches:
Dungeon (1/15)

Altars:


Innate Abilities, Weirdness & Mutations

You have a pair of small horns on your head.


Message History

You headbutt the giant cockroach.
You kill the giant cockroach!
The kobold closely misses you.
Your Polearms skill increases to level 3!
You hit the kobold but do no damage. The kobold closely misses you.
You hit the kobold but do no damage. You headbutt the kobold.
You kill the kobold!
Your Dodging skill increases to level 3!
You see here a +1 whip of draining.
There is an open door here.
Found a dagger.
Found a faded altar of an unknown god.
Found 3 gold pieces.
A ball python comes into view.
You hit the ball python.
You kill the ball python!
A gnoll comes into view. It is wielding a +0 spear.
The gnoll shouts!
You see here a ball python corpse.
A ball python comes into view.
You see here 3 gold pieces.
Found 9 gold pieces and a scroll labelled PAKHEM VEAMN.
The gnoll hits you from afar with a +0 spear!
The gnoll misses you.
You completely miss the gnoll. The gnoll closely misses you.
You hit the gnoll.
The gnoll is moderately wounded.
The gnoll hits you but does no damage. The gnoll closely misses you.
You hit the gnoll.
You headbutt the gnoll, but do no damage.
The gnoll is heavily wounded.
The gnoll hits you with a +0 spear.
You closely miss the gnoll.
The gnoll is heavily wounded.
The gnoll hits you with a +0 spear.
* * * LOW HITPOINT WARNING * * *
You hit the gnoll.
The gnoll is severely wounded.
The gnoll hits you with a +0 spear!
You die...

####### #.....## ###
####.###..### ....
#######...........##.#.#
..........>.....$......#
.#+#.....#...⌠†_.⌠...###
.......####.#.....####
#......# ....)..@...#
..#....#.##.##.#g##.#
#......# #......S.#.#
..#.####....#...#.. #
#......#... .... ...
.....#.### ###.##...#
...#..... .? .$.#
...###.#.[ .#. ..## ...#
.# #


You could see a gnoll and a ball python.

Vanquished Creatures
  An endoplasm (D:1)
  2 giant cockroaches (D:1)
  3 hobgoblins (D:1)
  4 jackals (D:1)
  A quokka (D:1)
  3 ball pythons (D:1)
  4 bats (D:1)
  2 kobolds (D:1)
  2 rats (D:1)
22 creatures vanquished.

Vanquished Creatures (others)
  3 plants (D:1)
3 creatures vanquished.

Grand Total: 25 creatures vanquished

Notes
Turn   | Place    | Note
-------+----------+-------------------------------------------
     0 | D:1      | greenlake the Demonspawn Gladiator began the quest for the
                  | Orb.
     0 | D:1      | Reached XP level 1. HP: 16/16 MP: 1/1
   136 | D:1      | Gained mutation: You have a pair of small horns on your
                  | head. [demonic ancestry]
   136 | D:1      | Reached XP level 2. HP: 11/22 MP: 2/2
   867 | D:1      | Found a faded altar of an unknown god.
   886 | D:1      | Slain by a gnoll

Illustrated notes

Levels and vault maps discovered:
D:1:      eino_arrival_water_cross, layout_basic,
          hellmonk_ecumenical_altar_run_dry, hex_tiny

Skill      XL: |  1  2 |
---------------+-------+-----
Throwing       | 2 |  2.1
Polearms       | 3 |  3.0
Dodging        | 3 |  3.0
Fighting       | |  2.4

Action                   || total
-------------------------++-------
Melee: Trident           ||    67
       Headbutt          ||     8
 Stab: Sleeping          ||     2
Armor: Leather armour    ||    27
Dodge: Dodged            ||    71
